 Dungeon Crawl Stone Soup version 0.27-a0-412-g8dd771eca2 (webtiles) character file.

Game seed: 1048257221293575597

211 Morbidden the Ducker (level 5, -3/41 HPs)
             Began as a Demonspawn Gladiator on Feb 24, 2021.
             Killed by nerve-wracking pain
             ... invoked by an orc priest
              (13 damage)
             ... on level 4 of the Dungeon.
             The game lasted 00:02:12 (3599 turns).

Morbidden the Ducker (Demonspawn Gladiator)         Turns: 3599, Time: 00:02:13

Health: -3/41      AC:  4    Str: 14    XL:     5   Next: 57%
Magic:  5/5        EV: 13    Int: 10    God:
Gold:   147        SH:  0    Dex: 15    Spells: 4/4 levels left

rFire    . . .     SeeInvis .   a - +2 dagger (venom)
rCold    . . .     Faith    .   (no shield)
rNeg     . . .     Spirit   .   f - +0 leather armour
rPois    .         Reflect  .   c - +0 helmet
rElec    .         Harm     .   (no cloak)
rCorr    .         Rampage  .   (no gloves)
Will     .....                  (no boots)
Stlth    +.........             (no amulet)
HPRegen  0.13/turn              (no ring)
MPRegen  0.09/turn              (no ring)

@: no status effects
A: hooves 1, demonic guardian 1
a: no special abilities


You were on level 4 of the Dungeon.
You visited 1 branch of the dungeon, and saw 4 of its levels.

You collected 147 gold pieces.

Inventory:

Hand Weapons
 a - a +2 dagger of venom (weapon)
 b - a +0 hunting sling
 j - a +0 long sword
Missiles
 d - 3 throwing nets (quivered)
 n - 2 silver boomerangs
 o - 52 sling bullets
Armour
 c - a +0 helmet (worn)
 f - a +0 leather armour (worn)
Jewellery
 t - a ring of ice {unknown}
Wands
 y - a wand of iceblast (9)
Scrolls
 e - 2 scrolls of immolation {unknown}
 g - a scroll of enchant weapon {unknown}
 h - 4 scrolls of teleportation {unknown}
 k - a scroll of noise {unknown}
 p - 2 scrolls of blinking {unknown}
 q - a scroll of magic mapping {unknown}
 u - a scroll of amnesia {unknown}
 w - a scroll of identify {unknown}
Potions
 i - 3 potions of degeneration {unknown}
 l - 2 potions of mutation {unknown}
 m - 2 potions of ambrosia {unknown}
 r - 2 potions of haste {unknown}
 s - a potion of curing {unknown}
 v - a potion of flight {unknown}
 x - 2 potions of heal wounds {unknown}
 z - a potion of resistance {unknown}


   Skills:
 + Level 3.0 Fighting
 + Level 2.7(3.4) Short Blades
 + Level 3.0(3.6) Long Blades
 + Level 2.1 Throwing
 + Level 1.1 Armour
 + Level 3.6 Dodging


You had 4 spell levels left.
You didn't know any spells.
Your spell library was empty.

Dungeon Overview and Level Annotations

Branches:
Dungeon (4/15)
 Temple: D:4-7

Altars:
Ashenzari
Dithmenos


Innate Abilities, Weirdness & Mutations

You have large cloven feet.
A weak demonic guardian rushes to your aid.


Message History

There are monsters nearby!
You hit the orc priest.
The orc priest is poisoned.
Your kick misses the orc priest.
The orc priest is moderately wounded.
An orc comes into view. It is wielding a +0 whip.
There are monsters nearby!
You hit the orc priest but do no damage.
The orc priest looks as sick as possible!
The orc priest is moderately wounded.
The orc priest hits you with a +0 hand axe.
You hit the orc priest.
The orc priest looks as sick as possible!
The orc priest is heavily wounded.
The orc priest mumbles some strange prayers to Beogh against you.
Beogh smites you!
A quokka comes into view.
The orc priest invokes the aid of Beogh against you.
Beogh smites you!
* * * LOW HITPOINT WARNING * * *
A demonic guardian appears!
You hear a shout!
You are too injured to fight recklessly!
Unknown command.
Unknown command.
You are too injured to fight recklessly!
You hit the orc priest.
The orc priest is lightly wounded.
The orc priest closely misses you. The orc priest barely misses you.
The orc priest hits you but does no damage.
You hit the orc priest but do no damage.
The orc priest is poisoned.
The orc priest is lightly wounded.
An orc comes into view. It is wielding a +0 club.
Unknown command.
Unknown command.
You hit the orc priest.
The orc priest is lightly wounded.
The orc priest mumbles some strange prayers to Beogh against you.
Pain shoots through your body!
You die...

. ##. .#. ..
#..##o #.....#
#P..... ########
+......##.......
#P...ooo5...#
#.....o@....#
#######
#......###.##
#.....# ....###
#.# #...... .##
#.# #...... #.#
#...... #.#
#.....# ##.##
###...# #...#
#(.).#. #...#
#.#.###


You could see 3 orc priests, 2 orcs and a friendly iron imp (summoned).

Vanquished Creatures
  An orc priest (D:3)
  An iguana (D:4)
  A worker ant (D:4)
  3 adders (D:2)
  2 worms (D:2)
  4 dart slugs (D:1)
  A leopard gecko (D:3)
  12 orcs (D:3)
  6 bats
  3 giant cockroaches (D:1)
  8 goblins
  8 hobgoblins
  7 jackals
  A quokka (D:3)
  3 frilled lizards
  7 kobolds
  7 rats
75 creatures vanquished.

Vanquished Creatures (collateral kills)
  A worm (D:3)
  An orc (D:3)
2 creatures vanquished.

Vanquished Creatures (others)
  34 plants (D:2)
34 creatures vanquished.

Grand Total: 111 creatures vanquished

Notes
Turn   | Place    | Note
-------+----------+-------------------------------------------
     0 | D:1      | Morbidden the Demonspawn Gladiator began the quest for the
                  | Orb.
     0 | D:1      | Reached XP level 1. HP: 16/16 MP: 1/1
    88 | D:1      | Gained mutation: You have large cloven feet. [demonic
                  | ancestry]
    88 | D:1      | Reached XP level 2. HP: 20/22 MP: 2/2
   357 | D:1      | Reached XP level 3. HP: 21/27 MP: 3/3
   987 | D:2      | Reached skill level 1 in Short Blades
  1159 | D:2      | Gained mutation: A weak demonic guardian rushes to your
                  | aid. [demonic ancestry]
  1159 | D:2      | Reached XP level 4. HP: 32/34 MP: 4/4
  1498 | D:2      | Found a broken altar of Ashenzari.
  1706 | D:2      | Found a shadowy altar of Dithmenos.
  1852 | D:3      | Found a faded altar of an unknown god.
  2214 | D:3      | Reached XP level 5. HP: 37/39 MP: 5/5
  3118 | D:4      | Reached skill level 1 in Armour
  3599 | D:4      | Killed from afar by an orc priest

Illustrated notes

Levels and vault maps discovered:
D:1:      kennysheep_arrival_seaside, layout_rooms, grunt_decor_resistance,
          minmay_octomino_j4
D:2:      layout_loops_ring, general_overflow_altar, serial_bayou_lagoon_a,
          nicolae_ashenzari_panopticon
D:3:      layout_loops_ring, chequers_ecumenical_altar_simple
D:4:      layout_loops_cross, cheibrodos_gnoll_hut

Skill      XL: |  1  2  3  4  5 |
---------------+----------------+-----
Dodging        | 3 |  3.6
Long Blades    | 3 |  3.0
Throwing       | 2 |  2.1
Short Blades   | 1 2 |  2.7
Armour         | 1 |  1.1
Fighting       | 3 |  3.0

Action                   |  1- 3 |  4- 6 || total
-------------------------+-------+-------++-------
Melee: Long sword        |    36 |       ||    36
       Dagger            |    72 |   102 ||   174
       Kick              |    20 |    27 ||    47
Armor: Leather armour    |    38 |    15 ||    53
Dodge: Dodged            |    84 |    58 ||   142
       Rpst.: Long sword |    13 |       ||    13

Table legend: (Time is in decaauts)
 A = Elapsed time spent in this place.
 B = Non-inter-level travel time spent in this place.
 C = Inter-level travel time spent in this place.
 D = Time resting spent in this place.
 E = Time spent auto-exploring this place.
 F = Levels seen in this place.
 G = Mean time per level.
                   A        B        C        D        E       F      G
               +--------+--------+--------+--------+--------+-----+--------+
         Total |   3599 |   3488 |    111 |      0 |   3075 |   4 |  899.8 |
       Dungeon |   3599 |   3488 |    111 |      0 |   3075 |   4 |  899.8 |
               +--------+--------+--------+--------+--------+-----+--------+

Top non-repeatable levels by time:
     D:3: 1259 daAuts
     D:2: 998 daAuts
     D:1: 837 daAuts
     D:4: 504 daAuts
